 Dungeon Crawl Stone Soup version 0.23-a0-448-g1c01f63 (webtiles) character file.

19 Dfrag the Grave Robber (level 2, -6/22 HPs)
             Began as a Deep Dwarf Necromancer on Nov 19, 2018.
             Mangled by a worm (8 damage)
             ... on level 2 of the Dungeon.
             The game lasted 00:00:53 (558 turns).

Dfrag the Grave Robber (Deep Dwarf Necromancer)      Turns: 558, Time: 00:00:53

Health: -6/22      AC:  2    Str: 11    XL:     2   Next: 55%
Magic:  1/5        EV: 12    Int: 15    God:
Gold:   50         SH:  0    Dex: 13    Spells: 4/5 levels left

rFire    . . .     SeeInvis .   (no weapon)
rCold    . . .     Gourm    .   (no shield)
rNeg     . . .     Faith    .   a - +0 robe
rPois    .         Spirit   .   (no helmet)
rElec    .         Reflect  .   (no cloak)
rCorr    .         Harm     .   (no gloves)
MR       .....                  (no boots)
Stlth    ++........             (no amulet)
HPRegen  0.00/turn              (no ring)
MPRegen  0.09/turn              (no ring)

@: very slightly contaminated, non-regenerating
A: damage resistance, heal wounds, sense surroundings 1, no regeneration
a: Heal Wounds


You were on level 2 of the Dungeon.
You were not hungry.

You visited 1 branch of the dungeon, and saw 2 of its levels.

You collected 50 gold pieces.

Inventory:

Armour
 a - a +0 robe (worn)
Scrolls
 b - a scroll of enchant weapon {unknown}
 e - a scroll of amnesia {unknown}
Potions
 d - 2 potions of agility {unknown}
 g - a potion of lignification {unknown}
Comestibles
 c - a ration


   Skills:
 - Level 2.1 Dodging
 - Level 2.4 Stealth
 * Level 2.4 Spellcasting
 + Level 4.6 Necromancy


You had 4 spell levels left.
You knew the following spells:

 Your Spells              Type           Power        Failure   Level  Hunger
a - Pain                  Necr           ###.         3%          1    #......

Your spell library contained the following spells:

 Spells                   Type           Power        Failure   Level  Hunger
 Animate Skeleton         Necr           N/A          3%          1    #......
 Vampiric Draining        Necr           ###.......   10%         3    ###....
 Animate Dead             Necr           N/A          30%         4    #####..
 Regeneration             Chrm/Necr      Unusable     N/A         3    N/A

Dungeon Overview and Level Annotations

Branches:
Dungeon (2/15)

Altars:


Innate Abilities, Weirdness & Mutations

You are resistant to damage.
You can heal yourself by infusing magical energy.
You passively map a small area around you.
You do not regenerate.


Message History

Press: ? - help, Shift-Dir - straight line, f/p - worm
Aim: a worm (heavily wounded, chance to defeat MR: 80%)
You miscast Pain.
You are very lightly contaminated with residual magic.
Nothing appears to happen.
The worm misses you.
Unknown command.
You hit the worm.
The worm is heavily wounded.
You hit the worm but do no damage.
The worm is heavily wounded.
The worm barely misses you.
You hit the worm.
The worm is heavily wounded.
The worm bites you!
* * * LOW HITPOINT WARNING * * *
You hit the worm.
The worm is heavily wounded.
You see here a scroll labeled GECUG DUZXAINU.
The worm bites you!
You die...

≈≈ ....... , ≈≈≈#
#.#..### ,
≈≈≈#.##(.....# *
, ≈≈.....<#..# *
≈≈##.##?#..###.
≈≈ #........... *
≈ *####.#######
≈≈ ≈ *#..w)...# *
≈≈≈≈###.##@##.# ,
≈≈≈≈....#...# #
≈≈≈88.....#......
,
..........#...###
* ..............#
≈≈≈88..##...#.# *
≈≈##### ##.##.# *
≈≈ .# .# ≈≈ ..,


You could see a worm.

Vanquished Creatures
  A dart slug (D:1)
  3 bats (D:1)
  A giant cockroach (D:1)
  5 hobgoblins (D:1)
  2 frilled lizards (D:1)
  A goblin (D:2)
  3 kobolds (D:1)
  A rat (D:1)
17 creatures vanquished.

Vanquished Creatures (others)
  A bat (D:2)
1 creature vanquished.

Grand Total: 18 creatures vanquished

Notes
Turn   | Place    | Note
-------+----------+-------------------------------------------
     0 | D:1      | Dfrag the Deep Dwarf Necromancer began the quest for the
                  | Orb.
     0 | D:1      | Reached XP level 1. HP: 15/15 MP: 3/3
   198 | D:1      | Reached XP level 2. HP: 17/22 MP: 3/5
   558 | D:2      | Mangled by a worm

Vault maps used:
D:1:      psy_arrival_whirlpool, minmay_domino_2
D:2:      wander_river, grunt_decor_fettered, chequers_decorated_corner

Skill      XL: |  1 |
---------------+----+-----
Spellcasting   | 2 |  2.4
Dodging        | |  2.1
Stealth        | |  2.4
Necromancy     | |  4.6

Action                   || total
-------------------------++-------
Melee: Unarmed           ||    29
 Cast: Pain              ||    30
Armor: Robe              ||     6
Dodge: Dodged            ||    18

Table legend:
 A = Non-vault XP
 B = Vault XP
 C = Vault XP percentage of total XP
 D = Non-vault monster count
 E = Vault monster count
 F = Vault count percentage of total count
                 A         B        C        D         E       F
            +---------+---------+-------+---------+---------+-------
      Total |      24 |       4 |  14.3 |      16 |       1 |   5.9
            +---------+---------+-------+---------+---------+-------
        D:1 |      23 |       4 |  14.8 |      15 |       1 |   6.2
        D:2 |       1 |       0 |   0.0 |       1 |       0 |   0.0
            +---------+---------+-------+---------+---------+-------
